 Dungeon Crawl Stone Soup version 0.30-a0-757-ga6a79fd877 (webtiles) character file.

Game seed: 5293143885608040781

1740 cforsyth the Summoner (level 9, 0/45 HPs)
             Began as a Tengu Summoner on Feb 10, 2023.
             Slain by an ufetubus (2 damage)
             ... on level 6 of the Dungeon.
             The game lasted 00:17:14 (6412 turns).

cforsyth the Summoner (Tengu Summoner)              Turns: 6412, Time: 00:17:14

Health: 0/45       AC:  3    Str:  8    XL:     9   Next: 5%
Magic:  9/21       EV: 14    Int: 21    God:
Gold:   316        SH:  0    Dex: 14    Spells: 10/23 levels left

rFire   . . .      SeeInvis .    (no weapon)
rCold   . . .      Faith    .    (no shield)
rNeg    . . .      Spirit   .    a - +0 robe
rPois   .          Reflect  .    (helmet restricted)
rElec   .          Harm     .    (no cloak)
rCorr   .          Rampage  .    m - +0 pair of gloves
Will    .....                    (boots unavailable)
Stlth   ++                       s - amulet of regeneration
HPRegen 1.07/turn                (no ring)
MPRegen 0.17/turn                (no ring)

@: flying quickly and evasively, quick
A: beak, talons 3, nimble flight
a: no special abilities


You were on level 6 of the Dungeon.
You visited 2 branches of the dungeon, and saw 7 of its levels.

You collected 316 gold pieces.

Inventory:

Armour
 a - a +0 robe (worn)
 m - a +0 pair of gloves (worn)
Jewellery
 s - an amulet of regeneration (around neck)
Scrolls
 d - 5 scrolls of identify
 e - a scroll of torment {unknown}
 h - 2 scrolls of enchant armour {unknown}
 i - 3 scrolls of teleportation {unknown}
 j - a scroll of fear {unknown}
 k - 2 scrolls of vulnerability {unknown}
 n - a scroll of amnesia {unknown}
 o - a scroll of blinking {unknown}
 q - a scroll of brand weapon {unknown}
Potions
 b - a potion of magic
 c - 2 potions of haste
 f - a potion of curing
 g - a potion of cancellation {unknown}
 l - 3 potions of lignification {unknown}
 p - 3 potions of attraction {unknown}
 r - 3 potions of heal wounds {unknown}


   Skills:
 - Level 2.1 Dodging
 - Level 2.0 Stealth
 + Level 7.6 Spellcasting
 + Level 10.7 Summonings


You had 10 spell levels left.
You knew the following spells:

 Your Spells              Type           Power      Damage    Failure   Level
a - Summon Small Mammal   Summ           100%       N/A       1%          1
b - Call Imp              Summ           52%        N/A       1%          2
c - Call Canine Familiar  Summ           52%        N/A       1%          3
d - Summon Guardian Gole  Hex/Summ       30%        N/A       2%          3
e - Summon Lightning Spi  Summ/Air       30%        N/A       9%          4

Your spell library contained the following spells:

 Spells                   Type           Power      Damage    Failure   Level
 Blink                    Tloc           14%        N/A       13%         2
 Sublimation of Blood     Necr           7%         N/A       13%         2
 Tukima's Dance           Hex            7%         N/A       26%         3
 Manifold Assault         Tloc           7%         N/A       63%         4
 Passage of Golubria      Tloc           7%         N/A       63%         4
 Petrify                  Tmut/Erth      7%         N/A       63%         4
 Irradiate                Conj/Tmut      3%         3d12      93%         5
 Yara's Violent Unravell  Hex/Tmut       3%         3d4       93%         5
 Storm Form               Tmut/Air       3%         N/A       100%        7


Dungeon Overview and Level Annotations

Branches:
Dungeon (6/15)             Temple (1/1) D:5

Altars:
Cheibriados
Dithmenos
Fedhas
Kikubaaqudgha
Makhleb
Nemelex Xobeh
Okawaru
Qazlal
Ru
Sif Muna
Trog
Uskayaw
Vehumet
Wu Jian
Xom
The Shining One


Innate Abilities, Weirdness & Mutations

You have a beak for a mouth.
You have claws for feet.
Your magical nature lets you fly swiftly and evasively.


Message History

Your crimson imp hits the white imp but does no damage.
Unknown command.
Casting: Call Canine Familiar (safe; 1% risk of failure)
Confirm with . or Enter, or press ? or * to list all spells.
A guardian golem appears, shielding your allies.
The ufetubus hits you but does no damage.
The ufetubus closely misses you.
The white imp hits your crimson imp but does no damage.
Something draws life force from you!!
* * * LOW HITPOINT WARNING * * *
Your wolf bites something but does no damage.
The ufetubus misses you. The ufetubus barely misses you.
Your crimson imp barely misses the white imp.
Sorry, you're not good enough to have a special ability.
Okay, then.
Unknown command.
You feel better.
Your wolf bites something.
The ufetubus hits you. The ufetubus closely misses you.
The white imp gestures at you.
The puff of frost hits your crimson imp!
Your crimson imp is frozen!
Something barely misses you. Something bites you!
* * * LOW HITPOINT WARNING * * *
Something draws strength from your injuries!
Your wolf closely misses something.
Your crimson imp hits the white imp but does no damage.
You feel better. The ufetubus closely misses you. The ufetubus hits you.
* * * LOW HITPOINT WARNING * * *
Your wolf closely misses something.
The white imp gestures at you.
The puff of frost hits your crimson imp!
Your crimson imp is frozen!
Something hits you.
* * * LOW HITPOINT WARNING * * *
Something bites you.
* * * LOW HITPOINT WARNING * * *
Something draws strength from your injuries!
The ufetubus hits you but does no damage.
The ufetubus hits you.
You die...

#####h#..###.#
#..#....##
#.###....#
##.#.#.#)#####
##.##<..)...#
#[##.####..#
#ยง##.# #..# #
#))...>.#.)##.#####
#.......#5@h)...))g
#.......9.{..5#####
#.......#.8...5.#
#.......#######.#
#.......# #
#.......# .##


You could see a white imp (ally target), an ufetubus, a friendly guardian golem
(summoned), a friendly wolf (summoned, sheltered), a friendly lightning spire
(summoned, sheltered) and a friendly crimson imp (summoned, sheltered).

Vanquished Creatures
  A worm (D:2)
  A ball python (D:3)
  A bat (D:1)
  An endoplasm (D:1)
  A goblin (D:1)
  A quokka (D:3)
  2 frilled lizards (D:1)
8 creatures vanquished.

Vanquished Creatures (collateral kills)
  Grinder (D:5)
  An ogre (D:4)
  A centaur (D:6)
  A phantom (D:5)
  A necrophage (D:6)
  A howler monkey (D:6)
  2 jellies
  2 hounds
  An iguana (D:5)
  3 orc wizards
  9 gnolls
  5 adders
  A shadow imp (D:5)
  2 ufetubi
  A worm (D:2)
  15 orcs
  7 endoplasms
  A giant cockroach (D:2)
  5 goblins
  4 hobgoblins
  7 kobolds
  4 quokkas
  4 ball pythons
  2 bats
  A frilled lizard (D:1)
  5 rats
87 creatures vanquished.

Vanquished Creatures (others)
  Pikel (D:4)
  An orc warrior (D:4)
  A human (D:5)
  Blork the orc (D:4)
  A gnoll sergeant (D:4)
  A gnoll bouda (D:6)
  4 gnolls
  2 orcs
12 creatures vanquished.

Grand Total: 107 creatures vanquished

Notes
Turn   | Place    | Note
-------+----------+-------------------------------------------
     0 | D:1      | cforsyth the Tengu Summoner began the quest for the Orb.
     0 | D:1      | Reached XP level 1. HP: 10/10 MP: 4/4
    79 | D:1      | Reached skill level 5 in Summonings
   183 | D:1      | Reached XP level 2. HP: 15/15 MP: 3/6
   231 | D:1      | Learned a level 2 spell: Call Imp
  1083 | D:2      | Reached XP level 3. HP: 19/19 MP: 2/7
  1087 | D:2      | Learned a level 3 spell: Call Canine Familiar
  1611 | D:2      | Found a hide-covered altar of Uskayaw.
  2106 | D:3      | Reached XP level 4. HP: 24/24 MP: 9/9
  2347 | D:3      | Reached skill level 6 in Summonings
  2463 | D:3      | Found a shadowy altar of Dithmenos.
  2669 | D:3      | You fall into a shaft and drop 1 floor!
  3186 | D:4      | Noticed an ogre
  3194 | D:4      | Killed an ogre
  3195 | D:4      | Gained mutation: Your magical nature lets you fly swiftly
                  | and evasively. [Tengu growth]
  3195 | D:4      | Reached XP level 5. HP: 27/28 MP: 4/11
  3253 | D:4      | Found a bloodstained altar of Trog.
  3384 | D:4      | Noticed Blork the orc
  3403 | D:4      | Reached XP level 6. HP: 21/32 MP: 11/13
  3536 | D:3      | Learned a level 3 spell: Summon Guardian Golem
  3541 | D:3      | Learned a level 4 spell: Summon Lightning Spire
  3656 | D:4      | Reached skill level 7 in Summonings
  3657 | D:4      | Killed Blork the orc
  3930 | D:4      | Found a radiant altar of Vehumet.
  4116 | D:4      | Found a sparkling altar of Nemelex Xobeh.
  4276 | D:5      | Entered Level 5 of the Dungeon
  4278 | D:5      | Noticed Pikel
  4363 | D:5      | Noticed Grinder
  4363 | D:5      | Noticed an orc warrior
  4632 | D:4      | Killed an orc warrior
  4633 | D:4      | Reached skill level 5 in Spellcasting
  4633 | D:4      | Reached XP level 7. HP: 36/36 MP: 8/15
  4953 | D:4      | Killed Pikel
  4954 | D:4      | Reached skill level 9 in Summonings
  4954 | D:4      | Reached XP level 8. HP: 19/41 MP: 5/18
  5232 | D:5      | Identified the +5 ring mail "Keni" {Contam Str+4}
  5382 | D:5      | Found a staircase to the Ecumenical Temple.
  5401 | D:5      | Killed Grinder
  5402 | D:5      | Reached skill level 10 in Summonings
  5473 | Temple   | Entered the Ecumenical Temple
  5662 | D:5      | Found an ancient bone altar of Kikubaaqudgha.
  6274 | D:6      | Reached XP level 9. HP: 9/45 MP: 10/21
  6411 | D:6      | HP: 1/45 [something (14)]
  6412 | D:6      | Slain by an ufetubus

Illustrated notes

Levels and vault maps discovered:
D:1:      matt_arrival_diagonals, layout_rooms
D:2:      layout_basic, basic_altar, minmay_pentomino_s4
D:3:      minmay_evil_eye, layout_basic, lemuel_coloured_pillars_altar
D:4:      layout_loops_ring, general_overflow_altar,
          mainiacjoe_overflow_six_doors_small, nemelex_dance_club_becter,
          uniq_blork_the_orc
D:5:      layout_rooms, tgw_kikubaaqudgha, minmay_temple_entry_slanted,
          uniq_grinder, uniq_pikel
D:6:      layout_loops_ring, gammafunk_temple_overflow_statue, uniq_maggie
Temple:   hellmonk_temple_flake

Skill      XL: |  1  2  3  4  5  6  7  8 |
---------------+-------------------------+-----
Summonings     | 5 6 7 9 10 | 10.7
Spellcasting   | 3 4 5 6 7 |  7.6
Dodging        | |  2.1
Stealth        | |  2.0

Action                     |  1- 3 |  4- 6 |  7- 9 || total
---------------------------+-------+-------+-------++-------
  Melee: Unarmed           |    34 |     8 |     4 ||    46
         Kick              |     9 |     5 |     2 ||    16
         Peck              |     3 |     1 |     1 ||     5
   Cast: Summon Small Mamm |    42 |    16 |     8 ||    66
         Call Imp          |    12 |     7 |     5 ||    24
         Call Canine Famil |     6 |    13 |    13 ||    32
         Summon Guardian G |       |     3 |    13 ||    16
         Summon Lightning  |       |       |     5 ||     5
    Use: Scroll            |       |     2 |       ||     2
         Potion            |       |       |     3 ||     3
   Stab: Distracted        |       |     1 |       ||     1
 Armour: Robe              |     8 |     4 |    11 ||    23
  Dodge: Dodged            |    40 |    20 |    57 ||   117

Table legend: (Time is in decaauts)
 A = Elapsed time spent in this place.
 B = Non-inter-level travel time spent in this place.
 C = Inter-level travel time spent in this place.
 D = Time resting spent in this place.
 E = Time spent auto-exploring this place.
 F = Levels seen in this place.
 G = Mean time per level.
                   A        B        C        D        E       F      G
               +--------+--------+--------+--------+--------+-----+--------+
         Total |   6261 |   6056 |    205 |   1020 |   3760 |   7 |  894.4 |
       Dungeon |   6126 |   5930 |    196 |   1020 |   3644 |   6 | 1021.0 |
        Temple |    135 |    126 |      9 |      0 |    116 |   1 |  135.0 |
               +--------+--------+--------+--------+--------+-----+--------+

Top non-repeatable levels by time:
     D:4: 1755 daAuts
     D:3: 1318 daAuts
     D:1: 949 daAuts
     D:2: 906 daAuts
     D:5: 807 daAuts
     D:6: 389 daAuts
  Temple: 135 daAuts
